 Dungeon Crawl Stone Soup version 0.31.0-12-g77e489cdc1 (webtiles) character file.

Game seed: 8191615441820418332

753 Doomgape the Ruffian (level 7, 0/55 HPs)
             Began as a Demonspawn Shapeshifter on Feb 18, 2024.
             Shot with an arrow by a centaur (12 damage)
             ... on level 5 of the Dungeon.
             The game lasted 00:14:08 (4252 turns).

Doomgape the Ruffian (Demonspawn Shapeshifter)      Turns: 4252, Time: 00:14:09

Health: 0/55       AC:  3    Str: 16    XL:     7   Next: 49%
Magic:  7/7        EV: 12    Int: 10    God:
Gold:   375        SH:  0    Dex: 13    Spells: 6/6 levels left

rFire   . .          .
                       - Unarmed
rCold   . . .        (no shield)
rNeg    + . .        t - +0 leather armour {rPois}
rPois   +            (helmet unavailable)
rElec   .            (cloak currently unavailable)
rCorr   .            (gloves currently unavailable)
SInv    .            (boots currently unavailable)
Will    .....        (no amulet)
Stlth   +            l - ring of positive energy
HPRegen 0.29/turn    (no ring)
MPRegen 0.10/turn

%: no passive effects
@: beast-form
A: beast (slay +2), horns 3, ignite blood 1, sturdy frame 1
a: Begin Untransformation


You were on level 5 of the Dungeon.
You were a hulking beast.
You visited 1 branch of the dungeon, and saw 5 of its levels.

You collected 375 gold pieces.

Inventory:

Missiles
 h - 4 javelins (quivered)
Armour
 t - a +0 leather armour of poison resistance (worn)
Jewellery
 l - a ring of positive energy (left hand)
Talismans
 a - a dragon-blood talisman
 c - a beast talisman (active)
 d - a flux talisman
 u - a serpent talisman
Scrolls
 e - 2 scrolls of identify
 f - 2 scrolls of vulnerability
 k - 4 scrolls of amnesia
 m - a scroll of silence
 q - 3 scrolls of fog
 r - a scroll of torment
 s - 2 scrolls of teleportation
Potions
 b - a potion of lignification
 g - a potion of resistance
 i - 4 potions of mutation
 j - 2 potions of heal wounds
 n - 2 potions of curing
 o - 2 potions of attraction


   Skills:
 - Level 4.3 Fighting
 - Level 1.7 Dodging
 + Level 5.3 Unarmed Combat
 + Level 5.0 Shapeshifting


You had 6 spell levels left.
You didn't know any spells.
Your spell library contained the following spells:

 Spells                   Type           Power      Damage    Failure   Level
 Dazzling Flash           Conj/Hex       0%         N/A       75%         3
 Stone Arrow              Conj/Erth      0%         3d7       75%         3
 Volatile Blastmotes      Fire/Tloc      0%         2d10      75%         3
 Animate Armour           Summ/Erth      0%         N/A       98%         4
 Starburst                Conj/Fire      0%         6d3       100%        6
 Lehudib's Crystal Spear  Conj/Erth      0%         10d2      100%        8
 Maxwell's Capacitive Co  Air            0%         ∞         100%        8


Dungeon Overview and Level Annotations

Branches:
Dungeon (5/15)
 Temple: D:4-7

Altars:
Kikubaaqudgha
Qazlal
Wu Jian

Shops:
D:1 (


Innate Abilities, Weirdness & Mutations

You are a hulking beast.
Your limbs bulge with bestial killing power. (Slay +2)
You have a pair of large horns on your head.
Your demonic aura sometimes causes spilled blood to erupt in flames.
Your movements are slightly less encumbered by armour. (ER -2)


Message History

The gnoll shouts!
You punch the ogre!
The ogre is moderately wounded.
The ogre misses you.
You hit the ogre. You headbutt the ogre.
The ogre is severely wounded.
You hit the ogre.
The ogre is almost dead.
The ogre is engulfed in blazing flames.
You kill the ogre!
Unknown command.
A gnoll comes into view. It is wielding a +0 flail.
The gnoll hits you from afar with a +0 halberd!
The gnoll hits you with a +0 halberd!
You punch the gnoll! You punch the gnoll.
The gnoll is severely wounded.
The gnoll barely misses you.
Unknown command.
You hit the gnoll but do no damage. You headbutt the gnoll.
You kill the gnoll!
A centaur comes into view.
The centaur shouts!
You hit the gnoll.
The gnoll is lightly wounded.
The gnoll hits you with a +0 flail.
You hit the gnoll. Your headbutt misses the gnoll.
The gnoll is heavily wounded.
The gnoll barely misses you.
You punch the gnoll!
You kill the gnoll!
The centaur wields a +0 orcbow.
The centaur shoots an arrow.
The arrow closely misses you.
Your Shapeshifting skill increases to level 5!
The centaur shoots an arrow.
The arrow hits you!
The centaur shoots an arrow.
The arrow hits you!
* * * LOW HITPOINT WARNING * * *
The gnoll shouts!
Items here: $ ))) ††.
The centaur shoots an arrow.
The arrow hits you!
You die...

#.......# #.........
#.......# #.........
###.....# #.........
#####.## ##########
#..### ##.÷.# #####
###.# #....
..##########.#######.###
....!c.h$...............
.g##########.#######.###
#...#.....###
###...#####.. ##..# #.#
##.#####.# #.....#.#
###...#.# ##..#.#


You could see a centaur and a gnoll.

Vanquished Creatures
  A wraith (D:5)
  2 black bears (D:5)
  An ogre (D:5)
  A scorpion (D:4)
  3 hounds
  An iguana (D:4)
  2 gnolls (D:5)
  8 adders
  2 dart slugs
  3 ribbon worms
  An orc (D:3)
  4 endoplasms
  4 giant cockroaches
  3 goblins
  8 hobgoblins
  5 quokkas
  5 ball pythons
  8 bats
  5 frilled lizards
  5 kobolds
  5 rats
77 creatures vanquished.

Vanquished Creatures (others)
  A human (D:3)
1 creature vanquished.

Grand Total: 78 creatures vanquished

Notes
Turn   | Place    | Note
-------+----------+-------------------------------------------
     0 | D:1      | Doomgape the Demonspawn Shapeshifter began the quest for
                  | the Orb.
     0 | D:1      | Reached XP level 1. HP: 15/15 MP: 1/1
   193 | D:1      | Gained mutation: Your movements are slightly less
                  | encumbered by armour. (ER -2) [demonic ancestry]
   193 | D:1      | Reached XP level 2. HP: 21/21 MP: 2/2
   237 | D:1      | Found Qiatukhi's Antique Weapon Shoppe.
   739 | D:2      | Gained mutation: You have a pair of small horns on your
                  | head. [demonic ancestry]
   739 | D:2      | Reached XP level 3. HP: 11/27 MP: 3/3
  1576 | D:3      | Found an ornate altar of the Wu Jian Council.
  1634 | D:3      | Gained mutation: You have a pair of horns on your head.
                  | [demonic ancestry]
  1634 | D:3      | Reached XP level 4. HP: 31/34 MP: 4/4
  2330 | D:3      | Found an ancient bone altar of Kikubaaqudgha.
  2331 | D:3      | Noticed a human
  2333 | D:3      | Killed a human
  3122 | D:4      | Gained mutation: Your demonic aura sometimes causes spilled
                  | blood to erupt in flames. [demonic ancestry]
  3122 | D:4      | Reached XP level 5. HP: 41/41 MP: 5/5
  3371 | D:4      | Reached XP level 6. HP: 43/47 MP: 6/6
  3688 | D:5      | Entered Level 5 of the Dungeon
  3722 | D:5      | Noticed a wraith
  3729 | D:5      | Killed a wraith
  3807 | D:5      | Gained mutation: You have a pair of large horns on your
                  | head. [demonic ancestry]
  3807 | D:5      | Reached XP level 7. HP: 41/55 MP: 7/7
  3923 | D:5      | Found a stormy altar of Qazlal.
  4100 | D:5      | Reached skill level 5 in Unarmed Combat
  4251 | D:5      | Reached skill level 5 in Shapeshifting
  4252 | D:5      | Shot with an arrow by a centaur

Illustrated notes

Levels and vault maps discovered:
D:1:      minmay_arrival_widening_spiral_wide, layout_rooms, serial_shops,
          nicolae_shop_rolling_square, minmay_misc_feat_more_columns
D:2:      layout_basic, kennysheep_generic_room_3
D:3:      layout_basic, tgw_kikubaaqudgha, old_standard_altar,
          minmay_gold_behind_fungi, nicolae_eternal_life,
          hangedman_decor_clover_reticule
D:4:      layout_basic, kennysheep_generic_room_7
D:5:      layout_basic, overflow_temple_1_default

Skill      XL: |  1  2  3  4  5  6  7 |
---------------+----------------------+-----
Unarmed Combat | 3 4 5 |  5.3
Shapeshifting  | 3 4 5 |  5.0
Fighting       | 2 3 4 |  4.3
Dodging        | |  1.7

Action                     |  1- 3 |  4- 6 |  7- 9 || total
---------------------------+-------+-------+-------++-------
  Melee: Unarmed           |    95 |    98 |    19 ||   212
         Punch             |     1 |     4 |     1 ||     6
         Headbutt          |     9 |    15 |     3 ||    27
    Use: Scroll            |     9 |     6 |     1 ||    16
         Potion            |       |     1 |       ||     1
   Stab: Sleeping          |     1 |       |       ||     1
 Armour: Animal skin       |    43 |    38 |       ||    81
         Leather armour    |       |    11 |    12 ||    23
  Dodge: Dodged            |    53 |    52 |    10 ||   115
   Form: Serpent           |       |       |     1 ||     1
         Beast             |       |       |     1 ||     1
